 Dungeon Crawl Stone Soup version 0.28-a0-1613-gdaab1c2f9b (webtiles) character file.

Game seed: 4267323642976353615

4891 RepHenryClay the Nimble (level 10, -1/50 HPs)
             Began as a Deep Elf Conjurer on Jan 21, 2022.
             Slain by a very large slime creature (51 damage)
             ... on level 7 of the Dungeon.
             The game lasted 00:16:20 (9267 turns).

RepHenryClay the Nimble (Deep Elf Conjurer)         Turns: 9267, Time: 00:16:21

Health: -1/50      AC:  2    Str:  4    XL:     10   Next: 26%
Magic:  20/35      EV: 21    Int: 26    God:
Gold:   165        SH:  0    Dex: 21    Spells: 19/29 levels left

rFire   . . .      SeeInvis .   a - +9 trident "Deuvaas" {protect, rC++}
rCold   + + .      Faith    .   (no shield)
rNeg    . . .      Spirit   .   f - +0 robe
rPois   .          Reflect  .   (no helmet)
rElec   .          Harm     .   (no cloak)
rCorr   .          Rampage  .   (no gloves)
Will    +....                   (no boots)
Stlth   +++.......              (no amulet)
HPRegen 0.16/turn               q - +6 ring of dexterity
MPRegen 0.24/turn               o - ring of magical power

@: no status effects
A: no striking features
a: no special abilities


You were on level 7 of the Dungeon.
You visited 1 branch of the dungeon, and saw 7 of its levels.

You collected 255 gold pieces.
You spent 90 gold pieces at shops.

Inventory:

Hand Weapons
 a - the +9 trident "Deuvaas" (weapon) {protect, rC++}
   (You found it on level 6 of the Dungeon)

   It grants its wielder temporary protection when it strikes (+7 to AC).
   rC:        It greatly protects you from cold.
 x - a +1 dagger of venom
Armour
 f - a +0 robe (worn)
 n - a +1 leather armour of poison resistance
Jewellery
 b - a +6 ring of strength
 h - an amulet of reflection
 o - a ring of magical power (right hand)
 q - a +6 ring of dexterity (left hand)
Scrolls
 c - 3 scrolls of amnesia
 g - a scroll of fog {unknown}
 k - 3 scrolls of fear
 l - a scroll of blinking {unknown}
 p - a scroll of enchant armour {unknown}
 r - 2 scrolls of identify {@r1}
 t - 2 scrolls of noise {unknown}
Potions
 d - a potion of heal wounds
 e - 2 potions of attraction
 i - a potion of berserk rage {unknown}
 j - a potion of might
 m - a potion of cancellation {unknown}
 s - a potion of flight {unknown}
 u - a potion of curing
 v - a potion of magic {unknown}
 w - a potion of mutation {unknown}


   Skills:
 + Level 12.0 Dodging
 - Level 3.0 Stealth
 - Level 10.1 Spellcasting
 + Level 8.3 Conjurations
 - Level 6.4 Earth Magic


You had 19 spell levels left.
You knew the following spells:

 Your Spells              Type           Power      Damage    Failure   Level
a - Magic Dart            Conj           100%       1d8       1%          1
b - Searing Ray           Conj           100%       2d8       1%          2
c - Stone Arrow           Conj/Erth      100%       3d13      1%          3
d - Iskenderun's Mystic   Conj/Tloc      34%        2d8       9%          4

Your spell library contained the following spells:

 Spells                   Type           Power      Damage    Failure   Level
 Sandblast                Erth           92%        2d19      1%          1
 Passwall                 Tmut/Erth      24%        N/A       1%          2
 Dazzling Flash           Conj/Hex       68%        N/A       2%          3
 Slow                     Hex            52%        N/A       4%          1
 Corpse Rot               Necr/Air       26%        N/A       7%          2
 Poisonous Vapours        Pois/Air       26%        N/A       7%          2
 Fulminant Prism          Conj/Hex       17%        3d11      9%          4
 Animate Armour           Summ/Erth      58%        N/A       12%         4
 Confusing Touch          Hex            13%        N/A       14%         3
 Gell's Gravitas          Tloc           13%        N/A       14%         3
 Lesser Beckoning         Tloc           13%        N/A       14%         3
 Teleport Other           Tloc           13%        N/A       14%         3
 Vampiric Draining        Necr           13%        2d6       14%         3
 Lehudib's Crystal Spear  Conj/Erth      25%        10d7      100%        8


Dungeon Overview and Level Annotations

Branches:
Dungeon (7/15)
 Temple: D:4-7

Altars:
Kikubaaqudgha
Okawaru
Sif Muna
Uskayaw
Zin

Annotations:
D:5 1 runed translucent door unfinished, testman's ghost, novice DjWz
D:6 1 runed translucent door, knot's ghost, novice DsBe
D:7 Psyche


Message History

Unknown command.
Casting: Stone Arrow (safe; 1% risk of failure)
Confirm with . or Enter, or press ? or * to list all spells.
Aiming: Stone Arrow (safe; 1% risk of failure)
Press: ? - help, Shift-Dir - straight line, f/p - very large slime creature
Aim: a very large slime creature (lightly wounded, 95% to hit)
The stone arrow hits the very large slime creature!!
The very large slime creature is moderately wounded.
Casting: Stone Arrow (safe; 1% risk of failure)
Confirm with . or Enter, or press ? or * to list all spells.
Aiming: Stone Arrow (safe; 1% risk of failure)
Press: ? - help, Shift-Dir - straight line, f/p - very large slime creature
Aim: a very large slime creature (moderately wounded, 95% to hit)
The stone arrow hits the very large slime creature!!
The very large slime creature is heavily wounded.
Casting: Stone Arrow (safe; 1% risk of failure)
Confirm with . or Enter, or press ? or * to list all spells.
Aiming: Stone Arrow (safe; 1% risk of failure)
Press: ? - help, Shift-Dir - straight line, f/p - very large slime creature
Aim: a very large slime creature (heavily wounded, 95% to hit)
The stone arrow hits the very large slime creature!!
The very large slime creature is heavily wounded.
Casting: Stone Arrow (safe; 1% risk of failure)
Confirm with . or Enter, or press ? or * to list all spells.
Aiming: Stone Arrow (safe; 1% risk of failure)
Press: ? - help, Shift-Dir - straight line, f/p - very large slime creature
Aim: a very large slime creature (heavily wounded, 95% to hit)
The stone arrow hits the very large slime creature!
The very large slime creature is heavily wounded.
The very large slime creature closely misses you.
Casting: Stone Arrow (safe; 1% risk of failure)
Confirm with . or Enter, or press ? or * to list all spells.
Aiming: Stone Arrow (safe; 1% risk of failure)
Press: ? - help, Shift-Dir - straight line, f/p - very large slime creature
Aim: a very large slime creature (heavily wounded, 95% to hit)
The stone arrow hits the very large slime creature!!
The very large slime creature is severely wounded.
The very large slime creature hits you!!!
Ouch! That really hurt!
You die...

#....# #......# #
#....# ##.##.## ##
#....# #.....# #.
####).## ...# ##
###.[..## ....# #
.........# .....#
....###..# #....
### #..## . #...
##.@# .. #..###
#.J# J.# #...#.
#..## ...# #....#
##..#
....#####...##
#..#...............
#..............###.
#......#####... ##
#.....### ###
#......#


You could see a very large slime creature.

Vanquished Creatures
  A boulder beetle (D:7)
  Grinder (D:5)
  Eustachio (D:4)
  6 yaks (D:7)
  10 humans (D:7)
  A water moccasin (D:7)
  A necrophage (D:6)
  An ice beast (D:6)
  2 ogres (D:5)
  2 bullfrogs
  Blork the orc (D:4)
  A water moccasin skeleton (D:6)
  5 wights (D:6)
  A centaur zombie (D:7)
  4 jellies
  A bullfrog zombie (D:6)
  5 hounds
  4 orc priests
  A bullfrog skeleton (D:6)
  A centaur skeleton (D:7)
  Terence (D:2)
  3 orc wizards (D:4)
  4 adders
  4 gnolls (D:2)
  A howler monkey skeleton (D:6)
  A shadow imp (D:6)
  A white imp (D:5)
  An ufetubus (D:5)
  3 worms
  5 dart slugs
  15 orcs
  7 endoplasms
  4 giant cockroaches
  4 goblins
  11 hobgoblins
  A jackal (D:7)
  8 kobolds
  2 quokkas (D:1)
  8 ball pythons
  4 bats
  2 frilled lizards (D:3)
  2 rats
142 creatures vanquished.

Notes
Turn   | Place    | Note
-------+----------+-------------------------------------------
     0 | D:1      | RepHenryClay the Deep Elf Conjurer began the quest for the
                  | Orb.
     0 | D:1      | Reached XP level 1. HP: 10/10 MP: 6/6
   143 | D:1      | Reached XP level 2. HP: 15/15 MP: 2/8
   382 | D:1      | Found a faded altar of an unknown god.
   470 | D:1      | Reached skill level 3 in Dodging
   473 | D:1      | Learned a level 2 spell: Searing Ray
   788 | D:1      | Reached XP level 3. HP: 19/19 MP: 8/10
  1002 | D:2      | Learned a level 3 spell: Stone Arrow
  1185 | D:2      | Reached skill level 5 in Conjurations
  1470 | D:2      | Found a shimmering blue altar of Sif Muna.
  1491 | D:2      | Noticed Terence
  1515 | D:2      | Killed Terence
  1516 | D:2      | Reached XP level 4. HP: 11/24 MP: 5/11
  2542 | D:3      | Reached XP level 5. HP: 28/28 MP: 8/12
  3388 | D:3      | Learned a level 4 spell: Iskenderun's Mystic Blast
  3939 | D:4      | Reached XP level 6. HP: 32/32 MP: 7/13
  4036 | D:4      | Found an iron altar of Okawaru.
  4042 | D:4      | Noticed Blork the orc
  4045 | D:4      | Noticed Eustachio
  4355 | D:5      | Entered Level 5 of the Dungeon
  4364 | D:5      | Reached skill level 1 in Earth Magic
  4691 | D:5      | Found a runed translucent door.
  4691 | D:5      | Noticed testman's ghost (novice DjWz)
  4725 | D:5      | Found a hide-covered altar of Uskayaw.
  4755 | D:5      | Reached skill level 4 in Dodging
  4842 | D:5      | Noticed a two-headed ogre
  4900 | D:5      | Reached XP level 7. HP: 30/36 MP: 10/14
  5144 | D:5      | Found Zin's Purification Station.
  5144 | D:5      | Found a glowing silver altar of Zin.
  5157 | D:5      | Found an ancient bone altar of Kikubaaqudgha.
  5168 | D:5      | Bought a potion of curing for 90 gold pieces
  5431 | D:6      | Noticed Grinder
  5593 | D:4      | Killed Blork the orc
  5594 | D:4      | Reached skill level 5 in Dodging
  5761 | D:4      | Killed Eustachio
  6221 | D:4      | Reached skill level 6 in Dodging
  6753 | D:6      | Paralysed by Grinder for 3 turns
  6913 | D:6      | Paralysed by Grinder for 2 turns
  6919 | D:5      | Killed Grinder
  6920 | D:5      | Reached skill level 5 in Earth Magic
  6920 | D:5      | Reached XP level 8. HP: 29/41 MP: 14/15
  7061 | D:6      | Reached skill level 7 in Dodging
  7388 | D:6      | Identified the +9 trident "Deuvaas" {protect, rC++}
  7494 | D:6      | Found a runed translucent door.
  7495 | D:6      | Noticed knot's ghost (novice DsBe)
  7519 | D:6      | Reached skill level 8 in Dodging
  7792 | D:7      | Identified the +3 scale mail "Meox" {Rampage Dex+3}
  7818 | D:7      | Reached skill level 5 in Spellcasting
  7995 | D:7      | Noticed Psyche
  8024 | D:7      | Reached skill level 9 in Dodging
  8024 | D:7      | Reached XP level 9. HP: 35/45 MP: 15/20
  8238 | D:7      | Noticed a boulder beetle
  8264 | D:7      | Killed a boulder beetle
  8265 | D:7      | Reached skill level 10 in Dodging
  8430 | D:7      | Reached skill level 11 in Dodging
  8567 | D:7      | Reached XP level 10. HP: 28/50 MP: 24/25
  8570 | D:7      | Reached skill level 10 in Spellcasting
  9215 | D:7      | Reached skill level 12 in Dodging
  9267 | D:7      | Slain by a very large slime creature

Illustrated notes

Levels and vault maps discovered:
D:1:      lightli_arrival_lavapool, layout_rooms,
          shapermc_ecumenical_altar_starsandcircs, serial_park_tiny_2
D:2:      layout_loops_ring, basic_altar, uniq_terence
D:3:      layout_loops_ring
D:4:      layout_cave_pods, okawaru_gym_becter, uniq_eustachio,
          uniq_blork_the_orc
D:5:      layout_cave_pods, nicolae_uskayaw_dance_hall, zin_purify,
          amcnicky_altar_gilded, gammafunk_ghost_grave, grunt_ministairs_4
D:6:      layout_rooms, ebering_ghost_reflecting_pool, uniq_grinder
D:7:      erik_cavepeople, layout_layer_cave, temple_fountains,
          minmay_misc_feat_alley

Skill      XL: |  1  2  3  4  5  6  7  8  9 10 |
---------------+-------------------------------+-----
Stealth        | 3 |  3.0
Dodging        | 3 4 6 9 11 12 | 12.0
Conjurations   | 5 6 7 8 |  8.3
Earth Magic    | 2 5 6 |  6.4
Spellcasting   | 6 9 10 | 10.1

Action                   |  1- 3 |  4- 6 |  7- 9 | 10-12 || total
-------------------------+-------+-------+-------+-------++-------
Melee: Dagger            |    15 |    58 |    53 |       ||   126
       Punch             |     1 |     2 |     2 |       ||     5
       Trident           |       |       |    29 |       ||    29
 Cast: Magic Dart        |    69 |    31 |    26 |     1 ||   127
       Searing Ray       |     1 |    12 |    12 |     1 ||    26
       Stone Arrow       |       |     1 |    56 |    22 ||    79
       Iskenderun's Myst |       |       |       |     1 ||     1
  Use: Scroll            |       |       |    11 |       ||    11
       Potion            |       |       |     3 |       ||     3
 Stab: Sleeping          |       |     3 |     2 |       ||     5
Armor: Robe              |     3 |     2 |    18 |       ||    23
Dodge: Dodged            |    10 |    45 |    96 |     5 ||   156

Table legend: (Time is in decaauts)
 A = Elapsed time spent in this place.
 B = Non-inter-level travel time spent in this place.
 C = Inter-level travel time spent in this place.
 D = Time resting spent in this place.
 E = Time spent auto-exploring this place.
 F = Levels seen in this place.
 G = Mean time per level.
                   A        B        C        D        E       F      G
               +--------+--------+--------+--------+--------+-----+--------+
         Total |   9290 |   8987 |    303 |   2498 |   5058 |   7 | 1327.1 |
       Dungeon |   9290 |   8987 |    303 |   2498 |   5058 |   7 | 1327.1 |
               +--------+--------+--------+--------+--------+-----+--------+

Top non-repeatable levels by time:
     D:5: 1656 daAuts
     D:3: 1600 daAuts
     D:7: 1485 daAuts
     D:2: 1436 daAuts
     D:4: 1301 daAuts
     D:6: 927 daAuts
     D:1: 882 daAuts
